General information
- name: BNet
- type: Ladder team game (AT/RT)
- host: Battle.net
- saver: KEEPITMOVING
map: MarketSquare
- players: 8
- length: 34:52
- speed: Fast
- version: 1.28 W3XP
- replay type: Public
» download(357 KB)
Players
team 1 (loser)

»
inFaMousOne (
blue | 47 APM | 1319 actions | 28:21)
6 Mountain King
3 Storm Bolt
2 Bash
1 Avatar
1 Pandaren Brewmaster
1 Breath of Fire
» actions
| Basic commands | 3 | |
| Build / train | 92 | |
| Enter build submenu | 35 | |
| Enter hero's abilities submenu | 7 | |
| Right click | 678 | |
| Select / deselect | 426 | |
| Use ability | 78 | |
1319 total
» units
| Peasant | 17 | |
| Rifleman | 10 | |
| Gryphon Rider | 7 | |
| Dragonhawk Rider | 5 | |
| Siege Engine | 14 | |
| Flying Machine | 10 | |
63 total
» upgrades
| Storm Hammers | 1 | |
| Swords | 1 | |
| Barrage | 1 | |
| Flak Cannons | 1 | |
| Flying Machine Bombs | 1 | |
5 total
» buildings
| Altar of Kings | 1 | |
| Farm | 11 | |
| Blacksmith | 1 | |
| Barracks | 1 | |
| Scout Tower | 9 | |
| Arcane Vault | 1 | |
| Lumber Mill | 1 | |
| Keep | 1 | |
| Guard Tower | 5 | |
| Gryphon Aviary | 2 | |
| Castle | 1 | |
| Town Hall | 1 | |
| Workshop | 3 | |
| Arcane Tower | 1 | |
39 total
» build order
00:23 Altar of Kings
00:29 Farm
01:13 Blacksmith
01:23 Barracks
01:42 Farm
02:24 Farm
02:31 Scout Tower
02:40 Arcane Vault
02:59 Lumber Mill
03:09 Farm
03:12 Farm
03:52 Farm
04:17 Keep
05:51 Guard Tower
06:36 Scout Tower
06:40 Scout Tower
07:11 Gryphon Aviary
07:13 Gryphon Aviary
07:15 Castle
09:21 Town Hall
09:28 Scout Tower
10:15 Farm
10:25 Farm
10:28 Scout Tower
10:36 Guard Tower
11:33 Guard Tower
11:50 Farm
11:59 Farm
13:59 Scout Tower
14:02 Scout Tower
14:05 Scout Tower
14:40 Guard Tower
15:06 Scout Tower
17:39 Workshop
17:48 Workshop
17:57 Workshop
18:09 Arcane Tower
19:10 Farm
21:13 Guard Tower
» items
| Scroll of Regeneration | 2 | |
| Lesser Clarity Potion | 3 | |
| Scroll of Town Portal | 1 | |
| Orb of Fire | 1 | |
7 total
AktionsJesus (
yellow | 71 APM | 2154 actions | 30:29)
6 Tauren Chieftain
3 Endurance Aura
2 War Stomp
1 Reincarnation
4 Shadow Hunter
2 Healing Wave
2 Hex
» actions
| Assign group hotkey | 15 | |
| Basic commands | 34 | |
| Build / train | 92 | |
| ESC pressed | 1 | |
| Enter build submenu | 26 | |
| Enter hero's abilities submenu | 10 | |
| Give item / drop item | 1 | |
| Remove unit from queue | 6 | |
| Right click | 1332 | |
| Select / deselect | 513 | |
| Select group hotkey | 27 | |
| Use ability | 97 | |
2154 total
» units
| Peon | 9 | |
| Grunt | 4 | |
| Raider | 16 | |
| Spirit Walker | 10 | |
| Kodo Beast | 3 | |
| Tauren | 2 | |
| Demolisher | 2 | |
| Shaman | 5 | |
51 total
» upgrades
| Ensnare | 1 | |
| Spirit Walker Training | 2 | |
| Pillage | 1 | |
| War Drums Damage Increase | 1 | |
| Reinforced Defenses | 1 | |
| Pulverize | 1 | |
| Burning Oil | 1 | |
| Shaman Training | 2 | |
| Armor | 1 | |
11 total
» buildings
| Altar of Storms | 1 | |
| Orc Burrow | 9 | |
| Barracks | 1 | |
| Stronghold | 1 | |
| Voodoo Lounge | 2 | |
| War Mill | 1 | |
| Spirit Lodge | 1 | |
| Beastiary | 1 | |
| Fortress | 1 | |
| Tauren Totem | 1 | |
| Watch Tower | 4 | |
23 total
» build order
00:05 Altar of Storms
00:10 Orc Burrow
00:54 Barracks
01:32 Orc Burrow
03:03 Stronghold
03:31 Orc Burrow
03:37 Voodoo Lounge
03:39 Voodoo Lounge
04:52 War Mill
05:40 Spirit Lodge
05:43 Beastiary
06:41 Fortress
08:16 Orc Burrow
09:04 Orc Burrow
13:36 Orc Burrow
18:42 Tauren Totem
20:13 Watch Tower
20:16 Watch Tower
20:21 Watch Tower
20:54 Orc Burrow
23:18 Watch Tower
25:23 Orc Burrow
25:24 Orc Burrow
» items
| Healing Salve | 2 | |
| Lesser Clarity Potion | 2 | |
| Scroll of Speed | 1 | |
| Orb of Lightning | 1 | |
| Boots of Speed | 1 | |
| Potion of Lesser Invulnerability | 1 | |
| Scroll of Healing | 1 | |
9 total
PolskadlaPolakw (
orange | 55 APM | 1904 actions | 34:48)
7 Archmage
3 Summon Water Elemental
3 Brilliance Aura
1 Mass Teleport
» actions
| Assign group hotkey | 51 | |
| Basic commands | 132 | |
| Build / train | 81 | |
| Enter build submenu | 79 | |
| Enter hero's abilities submenu | 7 | |
| Give item / drop item | 5 | |
| Right click | 779 | |
| Select / deselect | 376 | |
| Select group hotkey | 250 | |
| Use ability | 144 | |
1904 total
» units
| Peasant | 20 | |
| Footman | 4 | |
| Gryphon Rider | 7 | |
31 total
» upgrades
| Lumber Harvesting | 2 | |
| Masonry | 3 | |
| Storm Hammers | 1 | |
| Animal War Training | 1 | |
| Swords | 3 | |
| Armor | 3 | |
| Cloud | 1 | |
| Magic Sentry | 1 | |
15 total
» buildings
| Altar of Kings | 1 | |
| Barracks | 1 | |
| Farm | 9 | |
| Arcane Vault | 2 | |
| Scout Tower | 56 | |
| Arcane Tower | 3 | |
| Keep | 2 | |
| Town Hall | 3 | |
| Lumber Mill | 1 | |
| Guard Tower | 15 | |
| Castle | 1 | |
| Gryphon Aviary | 4 | |
| Blacksmith | 2 | |
| Arcane Sanctum | 1 | |
| Great Hall | 1 | |
102 total
» build order
00:51 Altar of Kings
00:53 Barracks
00:55 Farm
00:56 Farm
01:05 Farm
01:51 Arcane Vault
02:11 Scout Tower
02:14 Scout Tower
03:11 Arcane Tower
03:39 Keep
04:33 Town Hall
04:42 Lumber Mill
04:51 Scout Tower
04:52 Scout Tower
04:53 Scout Tower
05:00 Scout Tower
05:02 Scout Tower
05:15 Scout Tower
05:55 Guard Tower
05:56 Scout Tower
05:58 Scout Tower
06:47 Castle
07:54 Guard Tower
07:58 Guard Tower
08:27 Guard Tower
09:36 Gryphon Aviary
09:37 Gryphon Aviary
09:37 Gryphon Aviary
09:38 Gryphon Aviary
10:39 Blacksmith
10:42 Blacksmith
10:45 Farm
10:47 Farm
13:04 Scout Tower
13:04 Scout Tower
13:05 Scout Tower
13:06 Scout Tower
13:46 Guard Tower
14:00 Scout Tower
14:07 Scout Tower
14:07 Scout Tower
14:19 Arcane Sanctum
14:28 Scout Tower
14:28 Scout Tower
16:23 Arcane Tower
16:24 Arcane Tower
16:26 Guard Tower
16:28 Scout Tower
16:28 Scout Tower
16:31 Scout Tower
16:31 Scout Tower
16:44 Farm
16:45 Farm
16:46 Farm
16:47 Farm
16:54 Arcane Vault
17:00 Guard Tower
17:02 Guard Tower
17:04 Guard Tower
20:53 Scout Tower
20:54 Scout Tower
20:54 Scout Tower
20:54 Scout Tower
20:55 Scout Tower
20:57 Scout Tower
22:51 Scout Tower
23:30 Guard Tower
23:43 Scout Tower
23:49 Scout Tower
23:50 Scout Tower
24:00 Scout Tower
24:01 Scout Tower
24:01 Scout Tower
24:02 Scout Tower
24:02 Scout Tower
24:04 Scout Tower
24:05 Scout Tower
24:05 Scout Tower
24:07 Scout Tower
24:08 Scout Tower
24:11 Guard Tower
24:13 Scout Tower
24:14 Scout Tower
24:15 Scout Tower
24:15 Scout Tower
25:13 Guard Tower
25:15 Town Hall
25:37 Guard Tower
26:17 Scout Tower
26:17 Scout Tower
26:17 Scout Tower
26:18 Scout Tower
26:18 Scout Tower
26:19 Scout Tower
26:19 Scout Tower
26:19 Scout Tower
26:59 Guard Tower
28:35 Keep
31:38 Guard Tower
33:25 Town Hall
34:11 Great Hall
» items
| Scroll of Regeneration | 1 | |
| Dust of Appearance | 1 | |
| Staff of Sanctuary | 1 | |
| Healing Salve | 1 | |
| Scroll of Town Portal | 2 | |
6 total

»
last1here (
teal | 66 APM | 1941 actions | 29:25)
6 Demon Hunter
3 Mana Burn
2 Evasion
1 Metamorphosis
3 Keeper of the Grove
2 Entangling Roots
1 Thorns Aura
» actions
| Assign group hotkey | 108 | |
| Basic commands | 89 | |
| Build / train | 75 | |
| ESC pressed | 4 | |
| Enter build submenu | 27 | |
| Enter hero's abilities submenu | 9 | |
| Remove unit from queue | 4 | |
| Right click | 621 | |
| Select / deselect | 275 | |
| Select group hotkey | 610 | |
| Use ability | 119 | |
1941 total
» units
| Wisp | 22 | |
| Archer | 1 | |
| Huntress | 8 | |
| Dryad | 6 | |
| Druid of the Claw | 7 | |
44 total
» upgrades
| Druid of the Claw Training | 2 | |
| Nature's Blessing | 1 | |
| Abolish Magic | 1 | |
| Reinforced Hides | 3 | |
| Mark of the Claw | 1 | |
| Strength of the Wild | 2 | |
10 total
» buildings
| Altar of Elders | 1 | |
| Moon Well | 7 | |
| Ancient of War | 1 | |
| Hunter's Hall | 1 | |
| Tree of Ages | 1 | |
| Tree of Life | 6 | |
| Ancient Protector | 5 | |
| Ancient of Lore | 2 | |
| Tree of Eternity | 1 | |
25 total
» build order
00:10 Altar of Elders
00:19 Moon Well
00:36 Ancient of War
01:46 Moon Well
02:26 Hunter's Hall
03:16 Moon Well
03:23 Tree of Ages
04:21 Tree of Life
04:45 Ancient Protector
05:46 Ancient of Lore
07:24 Tree of Eternity
07:26 Ancient of Lore
10:42 Moon Well
12:28 Moon Well
12:28 Moon Well
17:51 Moon Well
18:41 Tree of Life
20:28 Ancient Protector
20:29 Ancient Protector
20:30 Ancient Protector
20:50 Tree of Life
21:01 Ancient Protector
23:11 Tree of Life
24:39 Tree of Life
25:53 Tree of Life
» items
| Potion of Lesser Invulnerability | 1 | |
| Scroll of Healing | 1 | |
| Scroll of Town Portal | 1 | |
3 total
team 2 (winner)
Axel-Mao (
pink | 69 APM | 2363 actions | 34:07)
3 Archmage
2 Summon Water Elemental
1 Brilliance Aura
1 Demon Hunter
1 Evasion
1 Blademaster
1 Bladestorm
» actions
| Assign group hotkey | 19 | |
| Basic commands | 26 | |
| Build / train | 51 | |
| Enter build submenu | 24 | |
| Enter hero's abilities submenu | 5 | |
| Right click | 1766 | |
| Select / deselect | 333 | |
| Select group hotkey | 61 | |
| Use ability | 77 | |
2363 total
» units
| Peasant | 14 | |
| Footman | 12 | |
| Mortar Team | 9 | |
| Flying Machine | 1 | |
36 total
» upgrades
| Gunpowder | 2 | |
| Fragmentation Shards | 1 | |
| Flare | 1 | |
| Lumber Harvesting | 1 | |
5 total
» buildings
| Altar of Kings | 1 | |
| Farm | 9 | |
| Barracks | 1 | |
| Scout Tower | 13 | |
| Arcane Tower | 2 | |
| Town Hall | 2 | |
| Keep | 1 | |
| Lumber Mill | 2 | |
| Blacksmith | 1 | |
| Workshop | 2 | |
| Castle | 1 | |
35 total
» build order
00:06 Altar of Kings
00:20 Farm
00:36 Barracks
00:44 Farm
01:32 Farm
01:53 Scout Tower
02:22 Arcane Tower
03:04 Farm
04:28 Town Hall
04:39 Scout Tower
04:41 Scout Tower
04:42 Scout Tower
04:43 Scout Tower
04:44 Scout Tower
04:45 Scout Tower
04:46 Scout Tower
04:46 Scout Tower
04:48 Scout Tower
04:50 Scout Tower
04:50 Scout Tower
04:51 Scout Tower
06:01 Keep
06:25 Lumber Mill
06:53 Arcane Tower
08:28 Blacksmith
09:19 Workshop
09:21 Workshop
09:36 Farm
09:39 Farm
09:41 Farm
10:51 Castle
13:21 Farm
13:30 Farm
14:35 Town Hall
19:28 Lumber Mill
KEEPITMOVING (
purple | 136 APM | 4758 actions | 34:52)
6 Blademaster
3 Wind Walk
2 Critical Strike
1 Bladestorm
5 Shadow Hunter
3 Hex
2 Healing Wave
5 Goblin Alchemist
3 Chemical Rage
2 Acid Bomb
» actions
| Assign group hotkey | 86 | |
| Basic commands | 194 | |
| Build / train | 174 | |
| ESC pressed | 9 | |
| Enter build submenu | 46 | |
| Enter hero's abilities submenu | 18 | |
| Give item / drop item | 10 | |
| Right click | 1875 | |
| Select / deselect | 642 | |
| Select group hotkey | 1413 | |
| Use ability | 291 | |
4758 total
» units
| Peon | 16 | |
| Grunt | 4 | |
| Troll Headhunter/Berserker | 15 | |
| Kodo Beast | 1 | |
| Shaman | 4 | |
| Troll Batrider | 2 | |
| Raider | 2 | |
| Troll Witch Doctor | 3 | |
| Spirit Walker | 3 | |
50 total
» upgrades
| Armor | 3 | |
| Berserker Strength | 1 | |
| Pillage | 1 | |
| Ranged Weapons | 4 | |
| Berserker Upgrade | 1 | |
| Reinforced Defenses | 1 | |
| Shaman Training | 2 | |
| Troll Regeneration | 1 | |
| Spiked Barricades | 1 | |
| Witch Doctor Training | 2 | |
| Ensnare | 1 | |
| War Drums Damage Increase | 1 | |
| Spirit Walker Training | 2 | |
| Melee Weapons | 2 | |
23 total
» buildings
| Orc Burrow | 8 | |
| Altar of Storms | 1 | |
| Barracks | 1 | |
| Voodoo Lounge | 1 | |
| Stronghold | 4 | |
| Great Hall | 3 | |
| War Mill | 1 | |
| Watch Tower | 22 | |
| Fortress | 3 | |
| Beastiary | 3 | |
| Spirit Lodge | 2 | |
49 total
» build order
00:05 Orc Burrow
00:50 Altar of Storms
00:51 Barracks
01:20 Orc Burrow
02:14 Voodoo Lounge
02:35 Orc Burrow
04:18 Stronghold
04:19 Stronghold
04:19 Stronghold
04:19 Stronghold
04:52 Great Hall
05:16 War Mill
06:47 Watch Tower
06:48 Watch Tower
06:49 Watch Tower
07:25 Great Hall
08:06 Great Hall
08:06 Fortress
08:06 Fortress
08:06 Fortress
08:09 Watch Tower
08:57 Watch Tower
09:05 Orc Burrow
09:17 Watch Tower
10:18 Watch Tower
10:26 Watch Tower
14:06 Watch Tower
14:07 Orc Burrow
14:39 Watch Tower
14:50 Watch Tower
15:50 Beastiary
15:53 Beastiary
16:29 Beastiary
17:40 Spirit Lodge
17:43 Spirit Lodge
19:52 Watch Tower
19:53 Watch Tower
19:55 Watch Tower
22:31 Watch Tower
22:32 Watch Tower
22:34 Watch Tower
23:28 Watch Tower
23:29 Watch Tower
23:32 Watch Tower
24:57 Orc Burrow
24:59 Orc Burrow
25:03 Orc Burrow
26:23 Watch Tower
26:25 Watch Tower
» items
| Healing Salve | 7 | |
| Lesser Clarity Potion | 5 | |
| Boots of Speed | 3 | |
| Orb of Lightning | 2 | |
| Scroll of Town Portal | 2 | |
| Periapt of Vitality | 1 | |
| Potion of Lesser Invulnerability | 1 | |
| Staff of Teleportation | 1 | |
| Circlet of Nobility | 1 | |
| Potion of Mana | 2 | |
25 total

»
indianapacha (
green | 37 APM | 918 actions | 25:04)
4 Demon Hunter
2 Immolation
2 Evasion
3 Priestess of the Moon
1 Searing Arrows
2 Trueshot Aura
» actions
| Build / train | 82 | |
| Enter build submenu | 14 | |
| Enter hero's abilities submenu | 7 | |
| Remove unit from queue | 2 | |
| Right click | 485 | |
| Select / deselect | 267 | |
| Use ability | 61 | |
918 total
» units
| Wisp | 14 | |
| Archer | 24 | |
| Hippogryph | 18 | |
56 total
» upgrades
| Strength of the Moon | 3 | |
| Moon Armor | 3 | |
| Ultravision | 1 | |
| Improved Bows | 1 | |
| Hippogryph Taming | 1 | |
| Marksmanship | 1 | |
| Well Spring | 1 | |
11 total
» buildings
| Ancient of War | 2 | |
| Altar of Elders | 1 | |
| Moon Well | 6 | |
| Hunter's Hall | 1 | |
| Ancient of Wonders | 1 | |
| Tree of Ages | 1 | |
| Ancient of Wind | 2 | |
| Tree of Eternity | 1 | |
15 total
» build order
00:17 Ancient of War
00:25 Altar of Elders
00:33 Moon Well
01:54 Moon Well
02:12 Ancient of War
02:49 Moon Well
02:57 Hunter's Hall
03:17 Ancient of Wonders
04:07 Moon Well
04:58 Tree of Ages
05:08 Moon Well
06:06 Moon Well
08:03 Ancient of Wind
08:10 Ancient of Wind
13:01 Tree of Eternity
» items
Isitworking (
red | 65 APM | 1640 actions | 25:08)
5 Blademaster
2 Wind Walk
3 Critical Strike
3 Shadow Hunter
2 Healing Wave
1 Hex
» actions
| Assign group hotkey | 24 | |
| Basic commands | 10 | |
| Build / train | 62 | |
| Enter build submenu | 16 | |
| Enter hero's abilities submenu | 8 | |
| Give item / drop item | 2 | |
| Remove unit from queue | 5 | |
| Right click | 966 | |
| Select / deselect | 185 | |
| Select group hotkey | 244 | |
| Use ability | 118 | |
1640 total
» units
| Peon | 7 | |
| Grunt | 5 | |
| Troll Headhunter/Berserker | 6 | |
| Troll Batrider | 10 | |
28 total
» upgrades
| Armor | 1 | |
| Ranged Weapons | 1 | |
| Spiked Barricades | 1 | |
| Liquid Fire | 1 | |
4 total
» buildings
| Altar of Storms | 1 | |
| Orc Burrow | 6 | |
| Barracks | 1 | |
| Voodoo Lounge | 1 | |
| War Mill | 1 | |
| Stronghold | 1 | |
| Fortress | 1 | |
| Beastiary | 3 | |
15 total
» build order
00:20 Altar of Storms
00:28 Orc Burrow
00:45 Barracks
01:47 Voodoo Lounge
02:17 Orc Burrow
02:42 War Mill
03:20 Stronghold
04:34 Orc Burrow
08:05 Fortress
08:14 Orc Burrow
13:00 Beastiary
13:02 Beastiary
13:05 Beastiary
14:23 Orc Burrow
14:25 Orc Burrow
» items
| Healing Salve | 2 | |
| Lesser Clarity Potion | 3 | |
| Scroll of Speed | 1 | |
| Boots of Speed | 1 | |
| Staff of Teleportation | 1 | |
| Potion of Healing | 1 | |
| Potion of Mana | 1 | |
| Orb of Lightning | 1 | |
| Scroll of Town Portal | 1 | |
12 total
Chat log
(00:15 / Allies) Axel-Mao: i fast ecpo and feed some
(01:30 / All) PolskadlaPolakw: Polska dla Polakow!
(14:20 / All) KEEPITMOVING: backs off before our armies are even there lol
(14:26 / All) KEEPITMOVING: and got so lucky at the start
(14:29 / All) KEEPITMOVING: not fishy at all
(14:40 / All) last1here: who me?
(14:46 / All) KEEPITMOVING: obvious mher
(14:52 / All) last1here: looooool
(15:00 / All) last1here: thanks for the compliment
(15:01 / Allies) KEEPITMOVING: lumber me if you got
(16:36 / Allies) KEEPITMOVING: lumber me
(16:40 / Allies) Isitworking: tp
(16:54 / Allies) KEEPITMOVING: Red and green
(16:56 / Allies) KEEPITMOVING: lumber plz
(16:57 / Allies) KEEPITMOVING: you got tons
(17:09 / Allies) KEEPITMOVING: Green red
(17:11 / Allies) KEEPITMOVING: share some lumber
(17:28 / Allies) KEEPITMOVING: share lumber, team game
(18:03 / Allies) KEEPITMOVING: 1.5k and not sharing lol
(18:08 / Allies) KEEPITMOVING: green spare some lumber and I'll mass to 100 food
(18:29 / Allies) KEEPITMOVING: no one here speak english?
(18:54 / Allies) KEEPITMOVING: share lkumber
(19:04 / Allies) KEEPITMOVING: come on dude
(19:07 / Allies) KEEPITMOVING: green has tons and won't share
(19:09 / Allies) KEEPITMOVING: ty finally
(19:12 / Allies) Axel-Mao: gimme 120 gold
(25:10 / All) last1here: about time
(27:44 / All) PolskadlaPolakw: Polska dla Polakow!
(27:53 / All) PolskadlaPolakw: Polska dla Polakow!
(28:31 / All) KEEPITMOVING: gg ez
(28:48 / All) last1here: orange teamkill everyone
(28:52 / All) last1here: your lucky day :)
(28:56 / All) PolskadlaPolakw: Polska dla Polakow
(29:00 / All) last1here: cant stop him :D
(29:11 / All) last1here: sad life
(29:22 / All) last1here: anyways, was a good game. gg :)
(29:59 / All) PolskadlaPolakw: Polska dla Polakow!
(30:05 / All) KEEPITMOVING: POLAND #1
(30:26 / All) AktionsJesus: gg retard ez
(31:02 / All) PolskadlaPolakw: Polska dla Polakow!
(31:18 / All) KEEPITMOVING: You lose pink
(31:20 / All) KEEPITMOVING: them's the rules
(31:22 / All) KEEPITMOVING: Leave now
(32:18 / All) KEEPITMOVING: Pink
(32:18 / All) PolskadlaPolakw: Polska dla Polakow!
(32:20 / All) KEEPITMOVING: Leave now you get a tie
(32:23 / All) KEEPITMOVING: stay you get a loss
(32:30 / All) KEEPITMOVING: I don't think any of my team speaks any English to understand this anyway
(32:31 / Allies) Axel-Mao: so
(32:39 / Allies) Axel-Mao: why should i
(32:39 / All) KEEPITMOVING: 0 coordination all game, total retards
(32:42 / Allies) KEEPITMOVING: Because you lose
(32:43 / Allies) Axel-Mao: y
(32:45 / Allies) KEEPITMOVING: Leave at defeat screen or now
(32:46 / Allies) Axel-Mao: im bad
(32:53 / Allies) Axel-Mao: why
(32:54 / All) KEEPITMOVING: My friend gets the win
(32:55 / All) KEEPITMOVING: YOu lose
(32:57 / All) KEEPITMOVING: You suck ass
(32:58 / All) KEEPITMOVING: shit ally
(33:06 / All) KEEPITMOVING: Because I can give him a win, kill my buildings
(33:09 / All) KEEPITMOVING: IF I leave you use my stuff
(33:16 / Allies) Axel-Mao: and?
(33:17 / All) KEEPITMOVING: Sorry pal, you lose, now OUT!
(33:21 / All) KEEPITMOVING: what do you mean AND?
(33:23 / All) KEEPITMOVING: that's the deal
(33:28 / Allies) Axel-Mao: u cant do shit bout tk
(33:33 / Allies) Axel-Mao: and u cant kick me
(33:35 / Allies) Axel-Mao: so FU
(33:40 / All) KEEPITMOVING: Pink is a moron
(33:48 / All) KEEPITMOVING: I can't kick you from the game, but I can give you a DEFEAT! screen
(33:49 / All) PolskadlaPolakw: He must be a KRAUT
(33:55 / All) KEEPITMOVING: are you a dirty kraut pink?
(33:56 / All) PolskadlaPolakw: Polska dla Polakow
(34:01 / Allies) Axel-Mao: do it
(34:11 / All) KEEPITMOVING: lol
(34:15 / All) PolskadlaPolakw: let's stats
(34:25 / All) KEEPITMOVING: 0-2 green no wonder
(34:30 / All) KEEPITMOVING: 3-2 pink
(34:32 / All) PolskadlaPolakw: team all below 50%
(34:33 / All) KEEPITMOVING: 4-8 red
(34:36 / All) KEEPITMOVING: pathetic recs
(34:41 / All) PolskadlaPolakw: teal is hacker maybe so let's give him the loss